 Dungeon Crawl Stone Soup version 0.21.0-37-g46506fa (webtiles) character file.

3609 Mgcat the Geomancer (level 10, -3/59 HPs)
             Began as a Gargoyle Earth Elementalist on Feb 1, 2018.
             Was a Follower of Vehumet.
             Slain by a death yak (18 damage)
             ... on level 6 of the Dungeon.
             The game lasted 00:28:07 (9022 turns).

Mgcat the Geomancer (Gargoyle Earth Elementalist)   Turns: 9022, Time: 00:28:08

Health: -3/59      AC: 16    Str: 11    XL:     10   Next: 11%
Magic:  11/20      EV: 14    Int: 20    God:    Vehumet [*.....]
Gold:   177        SH:  0    Dex: 12    Spells: 13/22 levels left

rFire    . . .     SeeInvis .   l - +3 hand axe (elec)
rCold    . . .     Gourm    .   (no shield)
rNeg     + . .     Faith    .   c - +0 robe
rPois    ∞         Spirit   .   (no helmet)
rElec    +         Reflect  .   t - +0 cloak
rCorr    .         Harm     .   o - +1 pair of gloves
MR       .....                  k - +2 pair of boots
Stlth    ++........             (no amulet)
HPRegen  0.19/turn              n - +2 ring of dexterity
MPRegen  0.17/turn              s - +1 ring of protection

@: very slightly contaminated
A: negative energy resistance 1, electricity resistance, unbreathing,
petrification resistance, rot immunity, AC +7
a: Renounce Religion


You were on level 6 of the Dungeon.
You worshipped Vehumet.
Vehumet was aware of your devotion.
You were not hungry.

You visited 2 branches of the dungeon, and saw 9 of its levels.

You collected 317 gold pieces.
You spent 140 gold pieces at shops.

Inventory:

Hand Weapons
 l - a +3 hand axe of electrocution (weapon)
Missiles
 b - 212 stones (quivered)
Armour
 c - a +0 robe (worn)
 k - a +2 pair of boots (worn)
 o - a +1 pair of gloves (worn)
 t - a +0 cloak (worn)
Jewellery
 n - a +2 ring of dexterity (left hand)
 s - a +1 ring of protection (right hand)
Wands
 x - a wand of acid (9)
Scrolls
 f - a scroll of fog
 h - 4 scrolls of remove curse
 i - 5 scrolls of teleportation
 m - 2 scrolls of enchant weapon
 r - a scroll of noise
 u - 2 scrolls of identify
 y - a scroll of summoning
Potions
 g - a potion of resistance
 j - a potion of might
 p - a potion of curing
 q - a potion of flight
 v - a potion of agility {unknown}
 w - a potion of brilliance {unknown}
 z - a potion of lignification {unknown}
Books
 e - a book of Geomancy

   Spells                             Type                      Level
   a - Sandblast                      Earth                        1
   b - Passwall                       Transmutation/Earth          2
   c - Stone Arrow                    Conjuration/Earth            3
   d - Petrify                        Transmutation/Earth          4
   e - Lee's Rapid Deconstruction     Earth                        5
Comestibles
 d - 14 rations


   Skills:
 + Level 5.2 Fighting
 + Level 4.4 Dodging
 - Level 2.4 Stealth
 + Level 6.9 Spellcasting
 + Level 7.1 Conjurations
   Level 0.7 Transmutations
 + Level 9.4 Earth Magic


You had 13 spell levels left.
You knew the following spells:

 Your Spells              Type           Power        Failure   Level  Hunger
a - Sandblast             Erth           #####.       1%          1    None
b - Stone Arrow           Conj/Erth      #####.       1%          3    #......
c - Lee's Rapid Deconstr  Erth           #####.....   5%          5    #####..


Dungeon Overview and Level Annotations

Branches:
Dungeon (8/15)             Temple (1/1) D:6
   Lair: D:8-11

Altars:
Ashenzari
Dithmenos
Elyvilon
Gozag
Hepliaklqana
Kikubaaqudgha
Nemelex Xobeh
Okawaru
Qazlal
Ru
Sif Muna
Uskayaw
Vehumet
Xom
Yredelemnul
Zin
The Shining One

Shops:
D:7 *


Innate Abilities, Weirdness & Mutations

You are resistant to torment.
Your stone body is resilient. (AC +7)
You are immune to poison.
You resist negative energy. (rN+)
You are resistant to electric shocks. (rElec)
You can survive without breathing.
You are immune to petrification.
You are immune to rotting.


Message History

Lightning courses through the death yak!
The death yak is severely wounded.
The death yak gores you. The death yak closely misses you.
You barely miss the death yak.
The death yak is severely wounded.
The death yak closely misses you.
You hit the death yak.
The death yak is severely wounded.
The death yak gores you!
* * * LOW HITPOINT WARNING * * *
You feel better. The death yak closely misses you.
You hit the death yak but do no damage.
The death yak is severely wounded.
The death yak gores you!
* * * LOW HITPOINT WARNING * * *
The death yak closely misses you.
You feel better. The death yak gores you.
* * * LOW HITPOINT WARNING * * *
You feel better. The death yak gores you!!
You die...

##### #.... ############# ##....
##.....#.....## ########.....
##............Y## #.....#..)...
#.......###+###@# #.......#....
#.......#.....#.# ##............
#.......#.###.#.###......#...###
#........['>#.'.....######.#####
#........[###.#...#..........##.
##.....[#.[...###.............#.
#......###'#####...............
#.####...................>.....
#.####..#..#####...............


You could see a death yak.

Vanquished Creatures
  A death yak (D:7)
  Sigmund (D:2)
  Edmund (D:4)
  Menkaure (D:7)
  A sky beast (D:8)
  3 orc warriors
  2 ice beasts
  A phantom (D:4)
  2 centaurs
  2 bullfrogs
  A gnoll sergeant (D:6)
  A scorpion (D:7)
  11 wights
  A crimson imp (D:5)
  A centaur zombie (D:6)
  A hound (D:6)
  A bullfrog zombie (D:5)
  Crazy Yiuf (D:3)
  4 orc priests
  A bullfrog skeleton (D:5)
  An iguana (D:6)
  8 orc wizards
  9 worker ants
  A killer bee zombie (D:7)
  7 gnolls
  12 adders
  2 oozes
  2 worms
  2 dart slugs
  8 leopard geckos
  25 orcs
  3 ball pythons
  7 bats
  5 giant cockroaches
  9 goblins
  10 hobgoblins
  13 jackals
  5 quokkas
  10 frilled lizards
  A jackal skeleton (D:4)
  7 kobolds
  9 rats
194 creatures vanquished.

Notes
Turn   | Place    | Note
-------+----------+-------------------------------------------
     0 | D:1      | Mgcat the Gargoyle Earth Elementalist began the quest for the Orb.
     0 | D:1      | Reached XP level 1. HP: 10/10 MP: 3/3
   276 | D:1      | Reached XP level 2. HP: 12/15 MP: 1/5
   549 | D:1      | Reached skill level 4 in Earth Magic
   862 | D:1      | Reached XP level 3. HP: 16/19 MP: 6/6
  1633 | D:2      | Reached XP level 4. HP: 24/24 MP: 8/8
  1783 | D:2      | Noticed Sigmund
  1807 | D:2      | Learned a level 3 spell: Stone Arrow
  1816 | D:2      | Killed Sigmund
  1816 | D:2      | Reached skill level 5 in Earth Magic
  1816 | D:2      | Reached XP level 5. HP: 28/28 MP: 1/10
  1816 | D:2      | Reached XP level 6. HP: 32/32 MP: 1/11
  2545 | D:3      | Found a runed door.
  2694 | D:3      | Learned a level 5 spell: Lee's Rapid Deconstruction
  3051 | D:3      | Reached skill level 6 in Earth Magic
  3283 | D:3      | Noticed Crazy Yiuf
  3285 | D:3      | Killed Crazy Yiuf
  3333 | D:3      | Reached XP level 7. HP: 29/36 MP: 6/13
  4030 | D:4      | Noticed Edmund
  4044 | D:4      | Killed Edmund
  4044 | D:4      | Reached skill level 5 in Spellcasting
  4044 | D:4      | Reached skill level 7 in Earth Magic
  4260 | D:4      | Reached XP level 8. HP: 41/41 MP: 15/15
  4286 | D:5      | Entered Level 5 of the Dungeon
  4405 | D:5      | Reached skill level 1 in Fighting
  4963 | D:5      | Reached skill level 5 in Conjurations
  5859 | D:6      | Found a staircase to the Ecumenical Temple.
  5874 | Temple   | Entered the Ecumenical Temple
  5948 | Temple   | Became a worshipper of Vehumet
  5998 | D:6      | Reached skill level 8 in Earth Magic
  6280 | D:6      | Reached XP level 9. HP: 47/50 MP: 1/17
  6661 | D:6      | Found a glowing golden altar of the Shining One.
  6663 | D:6      | Found a hazy altar of Hepliaklqana.
  6664 | D:6      | Found an ancient bone altar of Kikubaaqudgha.
  6667 | D:6      | Found a basalt altar of Yredelemnul.
  6738 | D:7      | Found Doinaome's Assorted Antiques.
  6761 | D:7      | Bought a twisted coral ring for 140 gold pieces
  7386 | D:7      | Noticed Menkaure
  7390 | D:7      | Killed Menkaure
  7409 | D:7      | Reached * piety under Vehumet
  7409 | D:7      | Offered knowledge of Freeze by Vehumet.
  7839 | D:7      | Reached skill level 9 in Earth Magic
  8314 | D:8      | Noticed a death yak
  8314 | D:8      | Noticed a death yak
  8338 | D:8      | Noticed a death yak
  8338 | D:8      | Noticed a death yak
  8356 | D:8      | Noticed a death yak
  8750 | D:7      | Killed a death yak
  8750 | D:7      | Reached skill level 5 in Fighting
  8750 | D:7      | Reached XP level 10. HP: 55/59 MP: 7/20
  9022 | D:6      | Slain by a death yak

Skill      XL: |  1  2  3  4  5  6  7  8  9 |
---------------+----------------------------+-----
Earth Magic    | 4 5 6 7 8 9 |  9.4
Spellcasting   | 3 4 5 6 |  6.9
Conjurations   | 2 3 4 5 7 |  7.1
Fighting       | 3 5 |  5.2
Dodging        | 3 4 |  4.4
Stealth        | |  2.4
Transmutations | |  0.7

Action                   |  1- 3 |  4- 6 |  7- 9 | 10-12 || total
-------------------------+-------+-------+-------+-------++-------
Melee: Unarmed           |    16 |       |       |       ||    16
       Club              |   122 |    21 |       |       ||   143
       Scythe            |       |   128 |       |       ||   128
       Hand axe          |       |     3 |   208 |     6 ||   217
 Cast: Sandblast         |    26 |    26 |    57 |     1 ||   110
       Stone Arrow       |       |     1 |    70 |     3 ||    74
       Lee's Rapid Decon |       |       |     9 |       ||     9
  Use: Scroll            |       |     5 |     9 |       ||    14
       Potion            |       |       |       |     3 ||     3
 Stab: Sleeping          |     3 |     2 |     2 |       ||     7
       Distracted        |       |     1 |       |       ||     1
  Eat: Chunk             |     3 |     6 |    16 |       ||    25
       Ration            |       |       |     2 |       ||     2
Armor: Robe              |    68 |   121 |   146 |     2 ||   337
Dodge: Dodged            |    99 |   192 |   195 |     8 ||   494
